 Dungeon Crawl Stone Soup version 0.18-a0-629-g16988c9 (webtiles) character file.

280 ReteAZ the Insei (level 6, -1/38 HPs)
             Began as an Octopode Transmuter on Dec 4, 2015.
             Slain by a phantom (9 damage)
             ... on level 4 of the Dungeon.
             The game lasted 00:03:43 (3675 turns).

ReteAZ the Insei (Octopode Transmuter)              Turns: 3675, Time: 00:03:43

Health: -1/38      AC:  1    Str:  9    XL:     6   Next: 27%
Magic:  9/9        EV: 13    Int: 15    God:
Gold:   132        SH:  0    Dex: 15    Spells: 1 memorised, 8 levels left

rFire  . . .     SeeInvis .       - Unarmed
rCold  . . .     Clarity  .     (no shield)
rNeg   . . .     SustAt   .     (helmet restricted)
rPois  .         Gourm    .     (no amulet)
rElec  .         Spirit   .     (no ring)
rCorr  .         Dismiss  .     (no ring)
rMut   .         Stasis   .     (no ring)
MR     .....                    (no ring)
Stlth  ++++......               (no ring)
                                (no ring)
                                (no ring)
                                (no ring)

@: not resistant to hostile enchantments, stealthy
A: almost no armour, amphibious, 8 rings, constrict 8, camouflage 1, gelatinous
body 1
a: no special abilities


You were on level 4 of the Dungeon.
You were hungry.

You visited 1 branch of the dungeon, and saw 4 of its levels.

You collected 132 gold pieces.

Inventory:

Missiles
 a - 40 arrows
Scrolls
 h - 3 scrolls of teleportation {unknown}
 j - 2 scrolls of identify {unknown}
 m - a scroll of random uselessness {unknown}
 r - a scroll of remove curse {unknown}
Potions
 d - 4 potions of curing {unknown}
 e - a potion of lignification {unknown}
 f - a potion of magic {unknown}
 i - a potion of brilliance {unknown}
 k - a potion of agility {unknown}
 l - a potion of haste {unknown}
 n - a potion of poison {unknown}
 p - 2 potions of flight {unknown}
 q - a potion of degeneration {unknown}
Books
 b - a book of Changes

   Spells                             Type                      Level
   a - Beastly Appendage              Transmutation                1
   b - Sticks to Snakes               Transmutation                2
   c - Spider Form                    Transmutation/Poison         3
   d - Ice Form                       Ice/Transmutation            4
   e - Blade Hands                    Transmutation                5
Comestibles
 c - 7 bread rations {@e1}
 g - 4 beef jerkies
 o - a slice of pizza


   Skills:
 - Level 1.0 Fighting
 + Level 3.3 Dodging
 + Level 3.3 Stealth
 * Level 4.8 Unarmed Combat
 - Level 2.0 Spellcasting
 + Level 3.4 Transmutations


You had 8 spell levels left.
You knew the following spells:

 Your Spells              Type           Power        Failure   Level  Hunger
a - Beastly Appendage     Trmt           ##....       8%          1    #......


Dungeon Overview and Level Annotations

Branches:
Dungeon (4/15)
 Temple: D:4-7

Altars:
Ashenzari
Elyvilon
Gozag
Kikubaaqudgha


Innate Abilities, Weirdness & Mutations

You cannot wear most types of armour.
You are amphibious.
You can wear up to eight rings at the same time.
You can use your tentacles to constrict eight enemies at once.
Your skin changes colour to match your surroundings (Stealth).
Your rubbery body absorbs attacks (AC +1).


Message History

You constrict the orc. You tentacle-slap the orc.
You kill the orc!
The phantom blinks!
You tentacle-slap the phantom.
The phantom is moderately damaged.
The phantom hits you.
You tentacle-slap the phantom.
You squeeze the phantom, but do no damage.
The phantom is heavily damaged.
The phantom closely misses you.
You barely miss the phantom. Your squeeze misses the phantom.
The phantom is heavily damaged.
The phantom hits you!
* * * LOW HITPOINT WARNING * * *
The phantom blinks!
You miss the phantom.
The phantom is heavily damaged.
The phantom hits you!
You die...

.####..#.
#.#...........#.#
.......#.
#.#.#.###.#####.#
.####..# #.#.#.#
#.# #.# ....# #.#
#. #.# #.# ....#
#.###.# #.# #...#
#.....# #.# #...#
#.###.# #.#
#...#.##
#W###)#####.#
.........
#.@..)......#
#...#.###
#####.#######
#####... .... .##
##### .. . ###


You could see a phantom.

Vanquished Creatures
  2 hounds
  A centaur skeleton (D:4)
  An orc priest (D:3)
  Natasha (thrice) (D:3)
  An orc wizard (D:4)
  4 adders (D:3)
  A worm (D:2)
  2 giant geckos
  6 orcs
  6 bats
  A bat zombie (D:3)
  6 goblins
  6 hobgoblins
  3 jackals (D:2)
  2 giant cockroaches
  4 giant newts
  8 kobolds
  9 rats
  3 rat zombies (D:3)
69 creatures vanquished.

Notes
Turn   | Place    | Note
--------------------------------------------------------------
     0 | D:1      | ReteAZ the Octopode Transmuter began the quest for the Orb.
     0 | D:1      | Reached XP level 1. HP: 13/13 MP: 3/3
   231 | D:1      | Reached XP level 2. HP: 5/18 MP: 5/5
   567 | D:1      | Reached skill level 1 in Stealth
  1247 | D:2      | Found a white marble altar of Elyvilon.
  1272 | D:2      | Reached XP level 3. HP: 21/23 MP: 6/6
  1473 | D:2      | Found a faded altar to an unknown god.
  1775 | D:3      | Reached XP level 4. HP: 20/28 MP: 7/7
  2124 | D:3      | Found an ancient bone altar of Kikubaaqudgha.
  2272 | D:3      | Reached skill level 4 in Unarmed Combat
  2464 | D:3      | Found a shattered altar of Ashenzari.
  2507 | D:3      | Noticed Natasha
  2514 | D:3      | Killed Natasha
  2514 | D:3      | Reached XP level 5. HP: 22/33 MP: 8/8
  2626 | D:3      | Found an opulent altar of Gozag.
  2629 | D:3      | Noticed Natasha
  2636 | D:3      | Killed Natasha
  2754 | D:3      | Noticed Natasha
  2756 | D:3      | Killed Natasha
  3486 | D:4      | Reached XP level 6. HP: 36/38 MP: 9/9
  3675 | D:4      | Slain by a phantom

Vault maps used:
D:1:      shiori_shiawase
D:2:      elyvilon_altar_3, ecumenical_altar_1, first_bread
D:3:      ashenzari_conservatory_becter, lemuel_zombie_altar_kikubaaqudgha,
          grunt_gozag_statues, uniq_natasha
D:4:      old_forge, minmay_temple_entry_grid

Action                   |  1- 3 |  4- 6 || total
-------------------------+-------+-------++-------
Melee: Unarmed           |    72 |    95 ||   167
 Cast: Beastly Appendage |       |     2 ||     2
 Stab: Sleeping          |     7 |     5 ||    12
  Eat: Chunk             |     2 |     6 ||     8
